AoeStats
← NicoH

Arabia

508099852Analyzed
2v2 RM · 12d ago on Sep 20, 2026· 92m 59s· 4 players
Game mode
Random Map
Map size
Medium (4 player)
Population
200
Speed
Normal
Resources
Standard
Victory
Conquest
Starting age
Dark Age
Ending age
Imperial Age
RankedLock teamsTeams togetherTeam positionsShared explorationLock speedFull tech treeHidden civsTurbo modeCheats
Victory
Defeat
🇦🇷 Bulgarians · Argentina
571
+14
🇬🇧 Japanese · United Kingdom
551
+15
🇲🇽 Britons · Mexico
551
-15
🇨🇴 Romans · Colombia
518
-14
NicoH
3:45 Loom
12:45 Feudal Age
14:42 Wheelbarrow
14:03 Horse Collar
15:30 Man-at-Arms
21:04 Double-Bit Axe
21:18 Town Watch
24:10 Fletching
26:34 Stone Mining
26:37 Gold Mining
28:51 Castle Age
28:29 Padded Archer Armor
28:35 Scale Barding Armor
28:30 Scale Mail Armor
34:14 Gold Shaft Mining
42:14 Imperial Age
42:16 Hand Cart
42:01 Town Patrol
42:02 Bodkin Arrow
42:22 Leather Archer Armor
42:23 Chain Mail Armor
42:18 Forging
42:28 Chain Barding Armor
42:18 Forging
41:33 Pikeman
41:33 Long Swordsman
41:38 Crossbowman
42:21 Husbandry
42:43 Guard Tower
43:13 Ballistics
42:52 Murder Holes
43:43 Bow Saw
51:25 Squires
52:49 Elite Longbowman
57:29 Chemistry
59:04 Elite Longbowman
62:40 Two-Man Saw
63:24 Conscription
victorthebest12
0:37 Loom
13:49 Feudal Age
15:20 Double-Bit Axe
19:08 Castle Age
19:00 Town Watch
20:30 Man-at-Arms
23:26 Wheelbarrow
25:02 Wheelbarrow
31:24 Long Swordsman
37:28 Padded Archer Armor
40:53 Fletching
59:16 Bow Saw
MandrakePOE
9:08 Loom
12:58 Feudal Age
15:23 Wheelbarrow
14:34 Town Watch
14:37 Double-Bit Axe
15:19 Horse Collar
16:57 Gold Mining
16:58 Stone Mining
24:13 Fletching
24:34 Forging
24:29 Scale Barding Armor
24:44 Arson
25:03 Padded Archer Armor
25:05 Scale Mail Armor
25:56 Town Watch
29:04 Castle Age
30:12 Leather Archer Armor
29:53 Bodkin Arrow
30:30 Hand Cart
31:42 Ballistics
31:18 Murder Holes
31:14 Guard Tower
33:13 Town Patrol
goPales
7:39 Loom
10:43 Feudal Age
9:55 Loom
17:22 Double-Bit Axe
18:45 Forging
22:26 Castle Age
26:19 Bow Saw
29:37 Gold Mining
32:49 Squires
33:29 Iron Casting
32:55 Scale Mail Armor
45:24 Chain Mail Armor
62:10 Imperial Age
64:45 Wheelbarrow
81:46 Scale Barding Armor
82:43 Blast Furnace
82:15 Plate Mail Armor
91:35 Spies/Treason
Connection lost

Rejoining the realm…

Still unreachable

The connection could not be restored.

Session expired

The server has moved on; the page needs a fresh start.